 Dungeon Crawl Stone Soup version 0.25-a0-356-g7c9d860 (webtiles) character file.

Game seed: 14346922564157198190, levelgen mode: deterministic

1567 puppykicker the Martial Artist (level 8, 0/49 HPs)
             Began as an Octopode Transmuter on Jan 3, 2020.
             Was an Initiate of Hepliaklqana.
             Slain by a gnoll sergeant
             ... wielding a +0 spear of piercing
              (2 damage)
             ... on level 7 of the Dungeon.
             The game lasted 00:20:28 (8205 turns).

puppykicker the Martial Artist (OpTm)               Turns: 8205, Time: 00:20:29

Health: 0/49       AC:  2    Str: 11    XL:     8   Next: 90%
Magic:  5/11       EV: 19    Int: 16    God:    Hepliaklqana [......]
Gold:   217        SH:  0    Dex: 17    Spells: 1/11 levels left

rFire    . . .     SeeInvis .     - Unarmed
rCold    . . .     Gourm    +   (shield currently unavailable)
rNeg     . . .     Faith    .   (helmet currently unavailable)
rPois    x         Spirit   .   h - amulet of the gourmand
rElec    .         Reflect  .   (no ring)
rCorr    .         Harm     .   (no ring)
MR       .....                  (no ring)
Stlth    ++........             (no ring)
HPRegen  0.16/turn              (no ring)
MPRegen  0.12/turn              (no ring)
                                (no ring)
                                (no ring)

@: spider-form
A: tiny, almost no armour, stealthy swim, (amphibious), 8 rings, (constrict 8),
reduced essence
a: End Transformation, Recall Ancestor, Ancestor Identity, Renounce Religion


You were on level 7 of the Dungeon.
You worshipped Hepliaklqana.
Hepliaklqana was noncommittal.
You were very full.
You were a venomous arachnid creature.
You visited 2 branches of the dungeon, and saw 8 of its levels.

You collected 376 gold pieces.
You spent 159 gold pieces at shops.


Innate Abilities, Weirdness & Mutations

You cannot wear most types of armour.
You are very stealthy in the water. (Stealth+)
((You are amphibious.))
You can wear up to eight rings at the same time.
((You can use your tentacles to constrict eight enemies at once.))
((Your skin changes colour to match your surroundings (Stealth+).))
((Your rubbery body absorbs attacks. (AC +1, EV +1)))
Your life essence is reduced to manifest your ancestor. (-10% HP)


   Skills:
 + Level 5.2 Fighting
 - Level 2.0 Dodging
 * Level 8.0 Unarmed Combat
 - Level 2.0 Spellcasting
 + Level 5.3 Transmutations
 - Level 2.1 Ice Magic
 - Level 2.0 Poison Magic


You had one spell level left.
You knew the following spells:

 Your Spells              Type           Power        Failure   Level  Hunger
a - Beastly Appendage     Tmut           ###...       9%          1    #......
b - Sticks to Snakes      Tmut           ###.....     12%         2    ###....
c - Spider Form           Tmut/Pois      ##........   32%         3    ###....
d - Ice Form              Ice/Tmut       ##......     63%         4    #####..

Your spell library contained the following spells:

 Spells                   Type           Power        Failure   Level  Hunger
 Blade Hands              Tmut           ###.......   75%         5    ######.

Inventory:

Missiles
 a - 60 arrows
 i - 45 bolts
 k - 24 poisoned darts (quivered)
 l - 2 throwing nets
Magical Staves
 e - an uncursed staff of summoning
Jewellery
 h - an amulet of the gourmand (around neck)
Wands
 f - a wand of disintegration (9)
 p - a wand of random effects (13)
Scrolls
 b - 2 scrolls of remove curse
 n - a scroll of teleportation
 q - 2 scrolls of enchant armour
 s - a scroll of fog
 t - a scroll of magic mapping
 u - a scroll of identify
Potions
 g - a potion of curing
 j - 2 potions of berserk rage
 m - a potion of haste
 o - a potion of agility
Comestibles
 c - 11 rations
 d - 2 chunks of flesh {@w1}

Dungeon Overview and Level Annotations

Branches:
Dungeon (7/15)             Temple (1/1) D:5

Altars:
Ashenzari
Cheibriados
Elyvilon
Fedhas
Gozag
Hepliaklqana
Kikubaaqudgha
Makhleb
Nemelex Xobeh
Okawaru
Qazlal
Ru
Sif Muna
Trog
Uskayaw
Vehumet
Wu Jian
Xom
Yredelemnul
Zin

Shops:
D:6 ??(

Annotations:
D:5 1 runed translucent door, Caeligo's ghost, novice GnWz
D:6 Duvessa; Grinder; Prince Ribbit

............... .#
#..............
..##...............
...................
...................
...>...........(.#
#.....).......## ....
.#####)...sS#.....#
................R.g......
......#######.S#)g$.....
#... #...##g....... ###..
###.####........
##....####...# #........
...#...##..### #...>....
.#.......)## ##.......
......รท).## .......


You could see the friendly your gay dad the ancestor, a gnoll sergeant, 2
gnolls, a friendly water moccasin and a friendly adder.


Message History

The gnoll sergeant blocks your water moccasin's attack.
You hit the gnoll sergeant.
The gnoll sergeant is poisoned.
The gnoll sergeant is lightly wounded.
Your water moccasin bites the gnoll sergeant.
The gnoll hits your gay dad with a cursed -2 halberd.
The gnoll closely misses you.
You bite the gnoll sergeant!
The gnoll sergeant looks as sick as possible!
The gnoll sergeant is severely wounded.
Your gay dad hits the gnoll.
The gnoll closely misses you. The gnoll sergeant closely misses you.
You barely miss the gnoll sergeant.
The gnoll sergeant is severely wounded.
The gnoll hits you with a +0 flail!
* * * LOW HITPOINT WARNING * * *
The gnoll sergeant blocks your water moccasin's attack.
Your gay dad hits the gnoll.
The gnoll sergeant misses you.
Unknown command.
You catch the helpless gnoll completely off-guard!
You hit the gnoll.
The gnoll is poisoned.
The gnoll is severely wounded.
The gnoll barely misses you.
The gnoll sergeant blocks your water moccasin's attack.
The gnoll hits you with a +0 flail.
* * * LOW HITPOINT WARNING * * *
Your gay dad hits the gnoll.
The gnoll dies!
The gnoll sergeant hits you from afar with a +0 spear of piercing!
* * * LOW HITPOINT WARNING * * *
You die...

Action                   |  1- 3 |  4- 6 |  7- 9 || total
-------------------------+-------+-------+-------++-------
Melee: Unarmed           |    88 |   143 |   141 ||   372
       Constrict         |    24 |    18 |    15 ||    57
       Kick              |     6 |     2 |       ||     8
       Tentacles         |     9 |    11 |    13 ||    33
       Punch             |     2 |     1 |     3 ||     6
 Cast: Beastly Appendage |     8 |     1 |       ||     9
       Sticks to Snakes  |     3 |    17 |     9 ||    29
       Spider Form       |     2 |    11 |    10 ||    23
Invok: Recall Ancestor   |       |       |     1 ||     1
       Ancestor Identity |       |       |     1 ||     1
  Use: Scroll            |       |     7 |     7 ||    14
       Potion            |       |       |     3 ||     3
 Stab: Sleeping          |     4 |     6 |     2 ||    12
       Distracted        |       |       |     2 ||     2
  Eat: Chunk             |     2 |    13 |    21 ||    36
       Ration            |       |     1 |       ||     1
Armor: Skin              |    15 |     8 |     8 ||    31
Dodge: Dodged            |    67 |    77 |   113 ||   257

Levels and vault maps discovered:
D:1:      kennysheep_arrival_seaside, layout_basic
D:2:      minmay_diamond_boxcup, layout_loops_ring, uniq_jessica
D:3:      layout_loops_ring, first_ration, chequers_ecumenical_altar_simple,
          serial_undead, serial_undead_d, serial_undead_b, serial_undead_e,
          serial_undead_f, serial_undead_c, serial_undead_b
D:4:      layout_cave_pools, uniq_ijyb
D:5:      layout_basic, minmay_temple_entry_from_below_a, gammafunk_ghost_grave,
          uniq_sigmund, uniq_eustachio
D:6:      layout_cave_pools, serial_shops, shop, nicolae_shop_trees,
          nicolae_shop_temple_entry_statues_fountains, shop_scrolls,
          uniq_prince_ribbit1, uniq_grinder, uniq_duvessa
D:7:      statuecave_lemuel, layout_rooms, nicolae_dithmenos_shadow_blocks,
          serial_shops, shop, serial_glass, glass_columns_c, glass_columns_b,
          minmay_strange_pillars
Temple:   regret_index_temple_chain_breaker

Notes
Turn   | Place    | Note
-------+----------+-------------------------------------------
     0 | D:1      | puppykicker the Octopode Transmuter began the quest for the
                  | Orb.
     0 | D:1      | Reached XP level 1. HP: 13/13 MP: 3/3
    85 | D:1      | Reached XP level 2. HP: 3/18 MP: 3/5
   700 | D:1      | Learned a level 2 spell: Sticks to Snakes
   986 | D:1      | Reached XP level 3. HP: 24/24 MP: 6/6
  1004 | D:1      | Learned a level 3 spell: Spider Form
  1446 | D:2      | Reached skill level 4 in Unarmed Combat
  1708 | D:2      | Reached skill level 2 in Fighting
  1805 | D:2      | Reached XP level 4. HP: 21/29 MP: 1/7
  1953 | D:2      | Noticed Jessica
  1966 | D:2      | Killed Jessica
  2630 | D:2      | Reached XP level 5. HP: 15/35 MP: 4/8
  3234 | D:3      | Found a faded altar of an unknown god.
  3310 | D:3      | Reached skill level 3 in Transmutations
  3314 | D:3      | Reached skill level 5 in Unarmed Combat
  3681 | D:3      | Reached skill level 3 in Fighting
  3681 | D:3      | Reached XP level 6. HP: 37/42 MP: 9/9
  4443 | D:4      | Reached skill level 1 in Poison Magic
  4522 | D:4      | Noticed Ijyb
  4535 | D:4      | Killed Ijyb
  4535 | D:4      | Reached XP level 7. HP: 42/46 MP: 6/10
  4797 | D:4      | Learned a level 4 spell: Ice Form
  4806 | D:5      | Entered Level 5 of the Dungeon
  4941 | D:5      | Reached skill level 6 in Unarmed Combat
  4947 | D:5      | Reached skill level 2 in Poison Magic
  5267 | D:5      | Reached skill level 4 in Transmutations
  5267 | D:5      | Reached skill level 1 in Ice Magic
  5449 | D:5      | Noticed Sigmund
  5479 | D:5      | Killed Sigmund
  5479 | D:5      | Reached skill level 4 in Fighting
  5722 | D:5      | Reached XP level 8. HP: 40/54 MP: 11/11
  5850 | D:5      | Found a runed translucent door.
  5851 | D:5      | Noticed Caeligo's ghost (novice GnWz)
  5935 | D:5      | Noticed Eustachio
  5939 | D:5      | Reached skill level 2 in Ice Magic
  5952 | D:5      | Killed Eustachio
  5952 | D:5      | Reached skill level 7 in Unarmed Combat
  6164 | D:5      | Found a staircase to the Ecumenical Temple.
  6366 | D:6      | Noticed Duvessa
  6417 | D:6      | Found Xuhom's Magic Scroll Boutique.
  6431 | D:6      | Bought a scroll of teleportation for 33 gold pieces
  6431 | D:6      | Bought a scroll of fog for 22 gold pieces
  6431 | D:6      | Bought a scroll of magic mapping for 38 gold pieces
  6431 | D:6      | Bought a scroll of identify for 22 gold pieces
  6431 | D:6      | Bought a scroll of identify for 22 gold pieces
  6431 | D:6      | Bought a scroll of identify for 22 gold pieces
  6690 | D:6      | Found Ethrypinia's Magic Scroll Shoppe.
  6692 | D:6      | Noticed Prince Ribbit
  6844 | D:6      | Noticed Grinder
  6856 | D:6      | Noticed Dowan
  6903 | Temple   | Entered the Ecumenical Temple
  7032 | Temple   | Became a worshipper of Hepliaklqana the Forgotten
  7106 | D:6      | Killed Dowan
  7183 | D:6      | Reached skill level 5 in Transmutations
  7194 | D:6      | HP: 3/48 [Prince Ribbit (20)]
  7516 | D:6      | Paralysed by Grinder for 3 turns
  7525 | D:6      | Paralysed by Grinder for 7 turns
  7762 | D:6      | Found Ihoi's Antique Weapon Boutique.
  7816 | D:7      | Reached skill level 5 in Fighting
  7830 | D:7      | Noticed a hornet
  7860 | D:7      | Reached skill level 8 in Unarmed Combat
  8205 | D:7      | HP: 2/49 [gnoll sergeant/+0 spear of piercing (8)]
  8205 | D:7      | Slain by a gnoll sergeant

Vanquished Creatures
  Sigmund (D:5)
  Eustachio (D:5)
  2 ogres
  2 bullfrogs (D:6)
  Dowan (D:6)
  2 howler monkeys
  A crimson imp (D:5)
  A bullfrog zombie (D:5)
  2 bullfrog skeletons
  3 orc priests
  6 orc wizards
  A centaur skeleton (D:3)
  Jessica (D:2)
  An iguana (D:7)
  2 worker ants
  Ijyb (D:4)
  A hound skeleton (D:5)
  3 worker ant zombies
  6 adders
  A shadow imp (D:7)
  2 oozes
  An adder zombie (D:3)
  3 worms (D:2)
  4 dart slugs
  3 leopard geckos
  13 orcs
  2 giant cockroaches
  3 goblins
  12 hobgoblins
  11 jackals
  A kobold (D:2)
  4 quokkas
  2 ball pythons
  12 bats
  4 frilled lizards
  A jackal skeleton (D:4)
  A leopard gecko skeleton (D:3)
  A quokka skeleton (D:3)
  2 rats
121 creatures vanquished.

Vanquished Creatures (collateral kills)
  An ogre (D:4)
  An orc wizard (D:7)
  2 gnolls (D:7)
  2 adders
  2 orcs
  A hobgoblin (D:2)
9 creatures vanquished.

Vanquished Creatures (others)
  2 ancestors (D:6)
2 creatures vanquished.

Grand Total: 132 creatures vanquished
